 Dungeon Crawl Stone Soup version 0.23-a0-417-gf02c810 (webtiles) character file.

26181 clean the Cleaver (level 12, -2/115 HPs)
             Began as a Minotaur Berserker on Nov 10, 2018.
             Was a High Priest of Trog.
             Slain by an elephant (13 damage)
             ... on level 4 of the Lair of Beasts.
             The game lasted 01:19:50 (18624 turns).

clean the Cleaver (Minotaur Berserker)             Turns: 18624, Time: 01:19:51

Health: -2/115     AC: 17    Str: 25    XL:     12   Next: 96%
Magic:  11/11      EV: 15    Int:  5    God:    Trog [*****.]
Gold:   1225       SH:  0    Dex:  9    Spells: 11/11 levels left

rFire    + . .     SeeInvis .   H - +2 dagger (elec)
rCold    + . .     Gourm    .   (no shield)
rNeg     . . .     Faith    .   L - +0 acid dragon scales
rPois    +         Spirit   .   (helmet restricted)
rElec    .         Reflect  .   O - scarf {rC+ rF+}
rCorr    +         Harm     .   j - +1 pair of gloves
MR       .....     Clarity  +   Q - +2 pair of boots
Stlth    +.........             (no amulet)
HPRegen  0.29/turn              k - ring of poison resistance
MPRegen  0.12/turn              m - +3 ring of slaying

@: berserk cooldown, slowed, very slow
A: retaliatory headbutt, horns 2, slimy green scales 1, clarity, clumsy 1,
poison resistance
a: Berserk, Trog's Hand, Brothers in Arms, Renounce Religion


You were on level 4 of the Lair of Beasts.
You worshipped Trog.
Trog was extremely pleased with you.
You were very hungry.

You visited 2 branches of the dungeon, and saw 15 of its levels.

You collected 1355 gold pieces.
You spent 130 gold pieces at shops.

Inventory:

Hand Weapons
 a - a +0 hand axe of protection
 b - a +0 hunting sling
 w - a +3 executioner's axe of chopping
 D - a cursed +1 glaive
 H - a +2 dagger of electrocution (weapon)
Missiles
 d - 528 stones (quivered)
 q - 86 sling bullets
Armour
 g - a +0 buckler
 j - a +1 pair of gloves (worn)
 I - a +0 chain mail
 L - +0 acid dragon scales (worn)
 O - a scarf of resistance (worn)
 Q - a +2 pair of boots (worn)
Jewellery
 k - a ring of poison resistance (left hand)
 m - a +3 ring of slaying (right hand)
 B - an uncursed ring of protection from cold {unknown}
 J - an uncursed ring of resist corrosion {unknown}
 M - an uncursed amulet of faith
Wands
 e - a wand of disintegration (36)
 t - a wand of acid (10)
 z - a wand of digging (4)
 A - a wand of polymorph (17)
 P - a wand of iceblast (6)
Scrolls
 f - 7 scrolls of teleportation
 h - a scroll of brand weapon
 l - a scroll of blinking
 n - 4 scrolls of fear
 r - 2 scrolls of fog
 v - 6 scrolls of remove curse
 y - 2 scrolls of identify
 E - 2 scrolls of enchant armour
 K - a scroll of enchant weapon
Potions
 i - 2 potions of berserk rage
 o - 2 potions of mutation
 p - 5 potions of haste
 s - 3 potions of lignification
 u - a potion of resistance
 x - 4 potions of flight
 C - 3 potions of might
 F - a potion of invisibility {unknown}
 G - 4 potions of brilliance {unknown}
 N - a potion of agility
Comestibles
 c - 14 rations


   Skills:
 + Level 13.3 Fighting
 + Level 13.5 Axes
 + Level 12.9 Armour
 - Level 7.9 Dodging
 - Level 0.5 Stealth
 + Level 10.1 Shields


You had 11 spell levels left.
You didn't know any spells.
Your spell library was empty.

Dungeon Overview and Level Annotations

Branches:
Dungeon (11/15)            Temple (0/1) D:6            Lair (4/6) D:11
 Shoals (0/4) Lair:2       Spider (0/4) Lair:2
    Orc: D:9-12

Altars:
Ashenzari
Cheibriados
Fedhas
Gozag
Kikubaaqudgha
Nemelex Xobeh
Qazlal
Ru
Sif Muna
Uskayaw
Vehumet
Wu Jian
Xom
Zin

Shops:
D:6 *   D:7 [

Annotations:
D:11 2 runed doors, exclusion: orange crystal statue


Innate Abilities, Weirdness & Mutations

You reflexively headbutt those who attack you in melee.
You have a pair of horns on your head.
You are partially covered in slimy green scales. (AC +2)
You possess an exceptional clarity of mind.
You are clumsy. (Dex -2)
Your system is resistant to poisons. (rPois)


Message History

The elephant tramples you.
* * * LOW HITPOINT WARNING * * *
You hold your ground!
The elephant closely misses you.
You hit the fungus.
The fungus is heavily damaged.
The elephant barely misses you. You furiously retaliate!
You headbutt the elephant!!
The elephant trunk-slaps you but does no damage.
The elephant tramples you but does no damage.
The elephant trunk-slaps you.
* * * LOW HITPOINT WARNING * * *
The elephant closely misses you. The elephant trunk-slaps you.
* * * LOW HITPOINT WARNING * * *
The elephant tramples the fungus!
The elephant trunk-slaps the fungus.
The elephant tramples you but does no damage.
The elephant trunk-slaps you but does no damage.
The elephant tramples the fungus!
The fungus is destroyed!
The elephant tramples you!
You die...

P..### #### ####
###.##....P .###
##P.###.#.# ##. #....
#### ##.........## ..
..# #.P# #...........##
. ...###
##...........#..
.....####........<....#.
...#...............P....
...##.###...........#
....### #.......@..##
##.## #.###...Y.## .###
### ##..Y## .# #...P# ..
.# ###YY# #Y#. .# #...#
.Y... .## ##..# .....
..## #.## ###...... ...#
## ##.# ####.#......


You could see 4 elephants.

Vanquished Creatures
  2 hydras
  A catoblepas (Lair:4)
  A two-headed ogre (D:11)
  3 death yaks (Lair:3)
  An unseen horror (D:10)
  An ugly thing (D:11)
  3 oklob plants (Lair:3)
  A centaur zombie (D:10)
  2 black mambas
  2 spiny frogs
  A torpor snail (Lair:3)
  5 rime drakes (Lair:4)
  3 komodo dragons
  A troll (D:11)
  A polar bear (Lair:2)
  8 blink frogs (Lair:2)
  11 hippogriffs
  16 yaks
  6 basilisks
  6 wyverns (Lair:4)
  Menkaure (D:7)
  A hungry ghost (D:11)
  2 acid dragons
  6 water moccasins
  5 porcupines
  5 sky beasts
  2 ice beasts
  2 black bears
  4 orc warriors
  2 phantoms (D:4)
  A necrophage (D:11)
  7 ogres
  3 centaurs
  8 crocodiles
  2 big kobolds (D:7)
  9 bullfrogs
  A wyvern zombie (D:7)
  2 gnoll sergeants
  4 scorpions
  3 killer bees (D:11)
  5 electric eels
  3 howler monkeys
  A bullfrog zombie (D:5)
  4 crimson imps
  8 hounds
  3 orc priests
  A centaur skeleton (D:5)
  2 jellies (D:5)
  5 bullfrog skeletons
  A gnoll shaman (D:6)
  10 orc wizards
  5 iguanas
  9 worker ants
  A hell rat (D:8)
  2 hound zombies
  2 hound skeletons
  A howler monkey zombie (D:7)
  12 gnolls
  3 adders
  9 river rats (D:8)
  A shadow imp (D:8)
  2 oozes
  An adder zombie (D:7)
  An adder skeleton (D:4)
  5 worms
  11 dart slugs
  3 leopard geckos
  39 orcs
  A ball python (D:2)
  7 bats
  6 giant cockroaches
  8 goblins
  6 hobgoblins
  16 jackals
  10 quokkas
  4 frilled lizards
  21 kobolds
  25 rats
  3 fungi
  3 plants (Lair:3)
405 creatures vanquished.

Vanquished Creatures (others)
  16 fungi
  9 plants
25 creatures vanquished.

Grand Total: 430 creatures vanquished

Notes
Turn   | Place    | Note
-------+----------+-------------------------------------------
     0 | D:1      | clean the Minotaur Berserker began the quest for the Orb.
     0 | D:1      | Reached XP level 1. HP: 19/19 MP: 0/0
   151 | D:1      | You fall through a shaft!
   168 | D:2      | Found an opulent altar of Gozag.
   170 | D:2      | Found a hide-covered altar of Uskayaw.
   187 | D:2      | Reached XP level 2. HP: 22/27 MP: 1/1
   391 | D:1      | Reached XP level 3. HP: 31/33 MP: 2/2
   499 | D:1      | Reached ** piety under Trog
  1338 | D:2      | Found a sacrificial altar of Ru.
  1341 | D:2      | Found a shimmering altar of Xom.
  1341 | D:2      | Found a deep blue altar of Sif Muna.
  1348 | D:2      | Found a hide-covered altar of Uskayaw.
  1348 | D:2      | Found a shadowy altar of Dithmenos.
  1348 | D:2      | Found an opulent altar of Gozag.
  1628 | D:3      | Reached XP level 4. HP: 41/41 MP: 3/3
  1684 | D:3      | Reached skill level 5 in Axes
  1785 | D:3      | Reached XP level 5. HP: 47/47 MP: 4/4
  2005 | D:3      | Reached *** piety under Trog
  2345 | D:3      | Reached skill level 5 in Fighting
  2505 | D:4      | Received a gift from Trog
  2505 | D:4      | Reached XP level 6. HP: 55/56 MP: 5/5
  3117 | D:4      | Reached XP level 7. HP: 62/62 MP: 6/6
  3145 | D:4      | Found an ornate altar of the Wu Jian Council.
  3489 | D:4      | Found a faded altar of an unknown god.
  3489 | D:4      | Found a faded altar of an unknown god.
  3494 | D:4      | Found a sacrificial altar of Ru.
  3496 | D:4      | Found a snail-covered altar of Cheibriados.
  3497 | D:4      | Found a sparkling altar of Nemelex Xobeh.
  3796 | D:5      | Entered Level 5 of the Dungeon
  3921 | D:5      | Reached skill level 5 in Armour
  4234 | D:5      | Reached skill level 5 in Dodging
  4234 | D:5      | Reached XP level 8. HP: 71/71 MP: 7/7
  4730 | D:6      | Reached **** piety under Trog
  5221 | D:6      | Reached XP level 9. HP: 46/81 MP: 8/8
  5394 | D:6      | Found a staircase to the Ecumenical Temple.
  5478 | D:6      | Found a deep blue altar of Sif Muna.
  5489 | D:6      | Found an ancient bone altar of Kikubaaqudgha.
  5508 | D:6      | Found a radiant altar of Vehumet.
  5655 | D:6      | Found Qegayh's Assorted Antiques.
  5669 | D:6      | Bought a grey potion for 20 gold pieces
  5669 | D:6      | Bought a scroll labeled AHUIJI KEULOKH for 23 gold pieces
  5669 | D:6      | Bought a scroll labeled AKAUFE CAFEF for 23 gold pieces
  5669 | D:6      | Bought a scroll labeled AHUIJI KEULOKH for 23 gold pieces
  5675 | D:6      | Bought 2 bubbling yellow potions for 41 gold pieces
  5748 | D:6      | Found a glowing silver altar of Zin.
  6234 | D:7      | Found Zioroah's Armour Boutique.
  6327 | D:7      | Reached ***** piety under Trog
  6375 | D:7      | Noticed Menkaure
  6380 | D:7      | Killed Menkaure
  7041 | D:7      | Found a stormy altar of Qazlal.
  7041 | D:7      | Found a blossoming altar of Fedhas.
  8037 | D:8      | Found a blossoming altar of Fedhas.
  9568 | D:8      | Reached XP level 10. HP: 53/91 MP: 9/9
 10362 | D:9      | Reached skill level 1 in Shields
 10663 | D:9      | Found a shattered altar of Ashenzari.
 10816 | D:10     | Entered Level 10 of the Dungeon
 10880 | D:10     | Reached skill level 10 in Axes
 10918 | D:10     | Gained mutation: You are partially covered in slimy green
                  | scales. (AC +2) [potion of mutation]
 10918 | D:10     | Gained mutation: You possess an exceptional clarity of
                  | mind. [potion of mutation]
 10918 | D:10     | Gained mutation: You are clumsy. (Dex -2) [potion of
                  | mutation]
 10918 | D:10     | Gained mutation: Your system is resistant to poisons.
                  | (rPois) [potion of mutation]
 11142 | D:10     | Reached skill level 10 in Fighting
 11232 | D:10     | Killed an unseen horror
 11923 | D:11     | Found a staircase to the Lair.
 11952 | D:11     | Noticed a two-headed ogre
 11968 | D:11     | Killed a two-headed ogre
 11968 | D:11     | Reached skill level 10 in Armour
 12055 | D:11     | Reached skill level 5 in Shields
 12146 | D:11     | Reached XP level 11. HP: 96/100 MP: 10/10
 12167 | D:11     | Received a gift from Trog
 12405 | D:11     | Noticed a white ugly thing
 12428 | D:11     | Killed a white ugly thing
 12581 | D:11     | Found a runed door.
 12607 | D:11     | Found the +10 large shield of Ignorance {rN+ Int-4}
 12616 | D:11     | Found a runed door.
 12640 | D:11     | Noticed an orange crystal statue
 12661 | Lair:1   | Entered Level 1 of the Lair of Beasts
 13645 | Lair:2   | Found a staircase to the Shoals.
 13945 | Lair:2   | Noticed a five-headed hydra
 14369 | Lair:2   | Killed a five-headed hydra
 14982 | Lair:2   | Found a hole to the Spider Nest.
 15836 | Lair:3   | Noticed an oklob plant
 15838 | Lair:3   | Noticed an oklob plant
 15848 | Lair:3   | Noticed an oklob plant
 15854 | Lair:3   | Reached XP level 12. HP: 106/112 MP: 11/11
 16237 | Lair:3   | Identified a scroll of acquirement
 16682 | Lair:3   | Received a gift from Trog
 17299 | Lair:3   | Noticed a death yak
 17299 | Lair:3   | Noticed a death yak
 17301 | Lair:3   | Noticed a death yak
 17307 | Lair:3   | Killed a death yak
 17311 | Lair:3   | Killed a death yak
 17312 | Lair:3   | Killed a death yak
 17708 | Lair:4   | Noticed a catoblepas
 17726 | Lair:4   | Killed a catoblepas
 17755 | Lair:4   | HP: 4/113 [basilisk (7)]
 18073 | Lair:4   | Noticed a six-headed hydra
 18491 | Lair:4   | Reached skill level 10 in Shields
 18606 | Lair:4   | Killed a six-headed hydra
 18624 | Lair:4   | Slain by an elephant

Vault maps used:
D:1:      mrwooster_arrival_statue_2
D:2:      kennysheep_six_static_rooms, doesnt_xom_only_xom,
          grunt_temple_overflow_open
D:4:      lemuel_doored_altar, chequers_temple_overflow_minitemple
D:5:      minmay_diamond_boxcup, first_ration
D:6:      cheibrodos_barr_body, palyth_temple_overflow_mages, zin_scriptorium,
          minmay_temple_entry_statues_pillars, serial_shops,
          nicolae_shop_window_shopping, nicolae_ru_path_of_blood
D:7:      kennysheep_slugbush, grunt_temple_overflow_forces_of_nature,
          serial_shops, shop, nrook_uturn, grunt_ogre_cave,
          nicolae_benzene_ring, uniq_menkaure
D:8:      lemuel_ratsnest, fedhas_altar_3
D:9:      lemuel_coloured_pillars_altar
D:10:     minmay_misc_feat_nine_boxes
D:11:     lair_entry_dummy, chequers_guarded_unrand_ignorance
Lair:1:   lemuel_fruit_tree
Lair:2:   elwin_shoals_entry_rocks, dummy_spider_entry, grunt_megastairs_3
Lair:3:   serial_bayou_shore_a, minmay_lair_oklob_chamber

Skill      XL: |  1  2  3  4  5  6  7  8  9 10 11 12 |
---------------+-------------------------------------+-----
Fighting       | 4 5 6 8 9 10 12 13 | 13.3
Axes           | 4 5 6 7 8 9 11 12 13 | 13.5
Armour         | 3 4 5 7 8 10 11 12 | 12.9
Dodging        | 3 4 5 6 7 |  7.9
Shields        | 5 8 10 | 10.1
Stealth        | |  0.5

Action                   |  1- 3 |  4- 6 |  7- 9 | 10-12 || total
-------------------------+-------+-------+-------+-------++-------
Melee: Hand axe          |    83 |   154 |   432 |   557 ||  1226
       Headbutt          |    20 |    26 |    93 |   155 ||   294
       Executioner's axe |       |       |       |   151 ||   151
       Dagger            |       |       |       |    24 ||    24
Invok: Berserk           |       |     2 |     4 |     6 ||    12
       Trog's Hand       |       |       |       |     5 ||     5
  Use: Scroll            |       |       |    18 |     7 ||    25
       Potion            |       |       |       |     9 ||     9
  Eat: Chunk             |     2 |     3 |     8 |    15 ||    28
       Ration            |       |     1 |     5 |     7 ||    13
Armor: Animal skin       |    16 |       |       |       ||    16
       Ring mail         |       |    53 |    42 |       ||    95
       Chain mail        |       |       |   108 |   145 ||   253
       Acid dragon scale |       |       |       |   240 ||   240
Dodge: Dodged            |    55 |   104 |   187 |   419 ||   765
Block: Buckler           |       |       |       |    93 ||    93

Table legend:
 A = Non-vault XP
 B = Vault XP
 C = Vault XP percentage of total XP
 D = Non-vault monster count
 E = Vault monster count
 F = Vault count percentage of total count
                 A         B        C        D         E       F
            +---------+---------+-------+---------+---------+-------
      Total |   27126 |   10276 |  27.5 |     298 |     101 |  25.3
            +---------+---------+-------+---------+---------+-------
        D:1 |      32 |       0 |   0.0 |      20 |       0 |   0.0
        D:2 |      40 |      23 |  36.5 |      15 |       6 |  28.6
        D:3 |     249 |       0 |   0.0 |      34 |       0 |   0.0
        D:4 |     661 |       0 |   0.0 |      27 |       0 |   0.0
        D:5 |     435 |     446 |  50.6 |      11 |       7 |  38.9
        D:6 |     399 |     774 |  66.0 |      15 |      14 |  48.3
        D:7 |    1609 |     323 |  16.7 |      35 |      11 |  23.9
        D:8 |     520 |     293 |  36.0 |      20 |      35 |  63.6
        D:9 |     346 |       0 |   0.0 |       7 |       0 |   0.0
       D:10 |    2699 |       0 |   0.0 |      23 |       0 |   0.0
       D:11 |    4735 |       0 |   0.0 |      33 |       0 |   0.0
     Lair:1 |    1702 |       0 |   0.0 |       7 |       0 |   0.0
     Lair:2 |    4761 |     270 |   5.4 |      19 |       1 |   5.0
     Lair:3 |    6992 |    2238 |  24.2 |      25 |       7 |  21.9
     Lair:4 |    1946 |    5909 |  75.2 |       7 |      20 |  74.1
            +---------+---------+-------+---------+---------+-------
